 Dungeon Crawl Stone Soup version 0.21.1-1-g345015f (webtiles) character file.

23 prawnwizard the Sneak (level 2, -1/13 HPs)
             Began as a Spriggan Enchanter on June 27, 2018.
             Slain by a quokka (4 damage)
             ... on level 2 of the Dungeon.
             The game lasted 00:03:15 (759 turns).

prawnwizard the Sneak (Spriggan Enchanter)           Turns: 759, Time: 00:03:16

Health: -1/13      AC:  2    Str:  4    XL:     2   Next: 72%
Magic:  7/7        EV: 18    Int: 16    God:
Gold:   62         SH:  0    Dex: 16    Spells: 4/7 levels left

rFire    . . .     SeeInvis +   a - +1 dagger
rCold    . . .     Gourm    .   (shield restricted)
rNeg     . . .     Faith    .   b - +0 robe
rPois    .         Spirit   .   (helmet restricted)
rElec    .         Reflect  .   (no cloak)
rCorr    .         Harm     .   (gloves unavailable)
MR       .....                  (boots unavailable)
Stlth    +++.......             (no amulet)
HPRegen  0.04/turn              (no ring)
MPRegen  0.10/turn              (no ring)

@: very quick
A: very small, unfitting armour, see invisible, herbivore, speed 3, slow
metabolism 2
a: no special abilities


You were on level 2 of the Dungeon.
You were not hungry.

You visited 1 branch of the dungeon, and saw 2 of its levels.

You collected 62 gold pieces.

Inventory:

Hand Weapons
 a - a +1 dagger (weapon)
Armour
 b - a +0 robe (worn)
Jewellery
 f - an uncursed amulet of magic regeneration {unknown}
Scrolls
 g - a scroll of enchant weapon {unknown}
 i - a scroll of blinking {unknown}
Potions
 e - a potion of heal wounds {unknown}
 h - a potion of agility {unknown}
 j - 2 potions of invisibility {unknown}
 k - a potion of berserk rage {unknown}
Books
 c - a book of Maledictions

   Spells                             Type                      Level
   a - Corona                         Hexes                        1
   b - Ensorcelled Hibernation        Hexes/Ice                    2
   c - Confuse                        Hexes                        3
   d - Tukima's Dance                 Hexes                        3
   e - Dazzling Spray                 Conjuration/Hexes            3
Comestibles
 d - 2 rations


   Skills:
 + Level 1.5 Short Blades
 + Level 3.3 Dodging
 * Level 5.1 Stealth
 + Level 3.0 Spellcasting
 + Level 3.9 Hexes


You had 4 spell levels left.
You knew the following spells:

 Your Spells              Type           Power        Failure   Level  Hunger
a - Corona                Hex            ##.....      3%          1    #......
b - Ensorcelled Hibernat  Hex/Ice        #.....       13%         2    ##.....


Dungeon Overview and Level Annotations

Branches:
Dungeon (2/15)

Altars:


Innate Abilities, Weirdness & Mutations

You are very small and have problems with some larger weapons.
You are too small for most types of armour.
You have supernaturally acute eyesight. (SInv)
You are a herbivore.
You cover ground extremely quickly.
You need consume almost no food.


Message History

You hit the kobold.
The kobold is heavily wounded.
The quokka misses you. The kobold closely misses you.
You closely miss the kobold.
The kobold is heavily wounded.
The quokka barely misses you. The kobold misses you.
You closely miss the kobold.
The kobold is heavily wounded.
The quokka misses you. The kobold closely misses you.
You closely miss the kobold.
The kobold is heavily wounded.
The quokka misses you. The kobold closely misses you.
You hit the kobold but do no damage.
The kobold is heavily wounded.
The quokka bites you. The kobold barely misses you. The quokka bites you.
* * * LOW HITPOINT WARNING * * *
You hit the kobold.
The kobold is severely wounded.
The quokka bites you.
You die...

#$#...........#
#..#.#.#.#.#...#
.. #.........###
#.#.#.#.#.#
#.........#
###.####.##
#$####.#
#######......##
#.K@rg.....!..#
######.).......
#.........
...g......
...........
###.........
#.........
#?........


You could see a quokka, a goblin and a kobold.

Vanquished Creatures
  2 bats (D:1)
  3 giant cockroaches (D:1)
  8 goblins
  A frilled lizard (D:1)
  3 kobolds
  2 rats
19 creatures vanquished.

Notes
Turn   | Place    | Note
-------+----------+-------------------------------------------
     0 | D:1      | prawnwizard the Spriggan Enchanter began the quest for the Orb.
     0 | D:1      | Reached XP level 1. HP: 9/9 MP: 5/5
   321 | D:1      | Reached XP level 2. HP: 13/13 MP: 6/6
   339 | D:1      | Learned a level 2 spell: Ensorcelled Hibernation
   553 | D:1      | Reached skill level 5 in Stealth
   759 | D:2      | Slain by a quokka

Skill      XL: |  1  2 |
---------------+-------+-----
Stealth        | 5 |  5.1
Spellcasting   | 3 |  3.0
Short Blades   | |  1.5
Dodging        | |  3.3
Hexes          | |  3.9

Action                   || total
-------------------------++-------
Melee: Dagger            ||    62
 Stab: Sleeping          ||    10
Armor: Robe              ||    10
Dodge: Dodged            ||    57
